 Dungeon Crawl Stone Soup version 0.29.1-12-g30fa7ad0bf (webtiles) character file.

Game seed: 8428385763415938034

655 RapScallion the Covered (level 7, -9/54 HPs)
             Began as a Human Fighter on Jan 17, 2023.
             Killed from afar by Dowan (16 damage)
             ... with a stone arrow
             ... on level 3 of the Dungeon.
             The game lasted 00:15:22 (3120 turns).

RapScallion the Covered (Human Fighter)             Turns: 3120, Time: 00:15:23

Health: -9/54      AC: 12    Str: 19    XL:     7   Next: 85%
Magic:  7/7        EV:  5    Int:  8    God:
Gold:   187        SH:  5    Dex: 12    Spells: 6/6 levels left

rFire   . . .      SeeInvis .   i - +3 whip (venom)
rCold   . . .      Faith    .   c - +0 buckler
rNeg    + . .      Spirit   .   e - +0 plate armour
rPois   .          Reflect  .   (no helmet)
rElec   .          Harm     .   (no cloak)
rCorr   .          Rampage  .   (no gloves)
Will    .....                   (no boots)
Stlth   ..........              (no amulet)
HPRegen 0.18/turn               h - ring of positive energy
MPRegen 0.10/turn               (no ring)

@: no status effects
A: no striking features
a: no special abilities


You were on level 3 of the Dungeon.
You visited 1 branch of the dungeon, and saw 4 of its levels.

You collected 187 gold pieces.

Inventory:

Hand Weapons
 a - a +0 war axe
 i - a +3 whip of venom (weapon)
 m - a +0 morningstar
Missiles
 f - 8 poisoned darts (quivered)
Armour
 b - a +0 scale mail
 c - a +0 buckler (worn)
 e - a +0 plate armour (worn)
Jewellery
 h - a ring of positive energy (left hand)
Scrolls
 g - 2 scrolls of identify
Potions
 d - a potion of might
 j - a potion of mutation
 l - 2 potions of flight


   Skills:
 + Level 4.1 Fighting
 + Level 3.8(4.7) Axes
 + Level 3.9(4.7) Maces & Flails
 + Level 1.0 Throwing
 + Level 4.7 Armour
 + Level 0.6 Dodging
 + Level 0.7 Stealth
 + Level 4.0 Shields


You had 6 spell levels left.
You didn't know any spells.
Your spell library was empty.

Dungeon Overview and Level Annotations

Branches:
Dungeon (4/15)
 Temple: D:4-7

Altars:
Cheibriados
Fedhas
Ru
Trog
Wu Jian

Annotations:
D:3 Dowan


Message History

Dowan hits you with a +0 dagger.
* * * LOW HITPOINT WARNING * * *
Dowan zaps a wand.
You resist with some effort. The phantom barely misses you.
You whack the phantom!
You destroy the phantom!
Dowan hits you but does no damage.
You closely miss Dowan. Dowan gestures at you while chanting.
The stone arrow misses you. Dowan hits you but does no damage.
You barely miss Dowan. Dowan hits you but does no damage.
You hit Dowan.
Dowan is lightly wounded.
Dowan shakes with grief.
Dowan casts a spell at you. The stone arrow hits you.
* * * LOW HITPOINT WARNING * * *
Dowan hits you but does no damage.
You barely miss Dowan.
Dowan is lightly wounded.
Dowan shakes with grief.
Dowan hits you but does no damage.
You completely miss Dowan.
Dowan is lightly wounded.
You block Dowan's attack. Dowan hits you but does no damage.
You closely miss Dowan.
Dowan is lightly wounded.
Dowan hits you but does no damage.
You hit Dowan but do no damage.
Dowan is poisoned.
Dowan is lightly wounded.
Dowan hits you but does no damage.
You whack Dowan!
Dowan looks as sick as possible!
Dowan is heavily wounded.
Dowan hits you with a +0 dagger.
* * * LOW HITPOINT WARNING * * *
You hit Dowan but do no damage.
Dowan looks as sick as possible!
Dowan is severely wounded.
Dowan hits you but does no damage.
Dowan points at you and mumbles some strange words.
The stone arrow hits you!
You die...

#####..###..#.# ######.#.#.#.#.#
#.......#...#.#### #..###..#.#
#.#####..........#####.#.#.#.#.##
#.# #..........................
#.# #......##..##............##
#.# #.#...###..##.##.#.########
#.# #.##.## #.[##.#....# # #.#
#.##.####.e.(......# # #.#
#.........@.)<#...## #
#.##############.#####.## #
#..)......# #.# #.# #
#########.######.#####.# #
#########..............#
...........#####.#######
#########..# #.# ##.#####.#
#....##.#


You could see Dowan (fast, extremely poisoned).

Vanquished Creatures
  Grinder (D:3)
  Sigmund (D:3)
  Duvessa (D:4)
  A phantom (D:3)
  An orc wizard (D:3)
  An adder (D:2)
  2 worms
  5 dart slugs
  8 orcs
  7 ball pythons
  6 endoplasms
  2 giant cockroaches
  7 goblins
  6 hobgoblins
  12 kobolds
  4 quokkas
  3 bats
  4 frilled lizards
  9 rats
81 creatures vanquished.

Notes
Turn   | Place    | Note
-------+----------+-------------------------------------------
     0 | D:1      | RapScallion the Human Fighter began the quest for the Orb.
     0 | D:1      | Reached XP level 1. HP: 18/18 MP: 1/1
   117 | D:1      | Reached XP level 2. HP: 24/24 MP: 2/2
   539 | D:1      | Reached XP level 3. HP: 29/29 MP: 3/3
  1056 | D:2      | Found a snail-covered altar of Cheibriados.
  1412 | D:2      | Reached XP level 4. HP: 32/35 MP: 4/4
  1466 | D:2      | HP: 1/52 [poisoned by a kobold]
  1866 | D:2      | Found a faded altar of an unknown god.
  2018 | D:3      | Noticed Sigmund
  2226 | D:3      | Found a bloodstained altar of Trog.
  2226 | D:3      | Found an ornate altar of the Wu Jian Council.
  2298 | D:3      | Noticed Grinder
  2313 | D:3      | Paralysed by Grinder for 3 turns
  2322 | D:3      | Killed Grinder
  2323 | D:3      | Reached skill level 1 in Maces & Flails
  2323 | D:3      | Reached XP level 5. HP: 37/42 MP: 5/5
  2323 | D:3      | Reached XP level 6. HP: 42/48 MP: 6/6
  2771 | D:3      | Found a snail-covered altar of Cheibriados.
  2797 | D:3      | Killed Sigmund
  2798 | D:3      | Reached XP level 7. HP: 53/53 MP: 7/7
  2894 | D:3      | Found a sacrificial altar of Ru.
  3042 | D:4      | Found a blossoming altar of Fedhas.
  3048 | D:4      | Noticed Duvessa
  3048 | D:4      | Noticed Dowan
  3091 | D:4      | Killed Duvessa
  3092 | D:4      | Reached skill level 1 in Throwing
  3120 | D:3      | Killed from afar by Dowan

Illustrated notes

Levels and vault maps discovered:
D:1:      dpeg_arrival_pits, layout_loops_ring, minivault_27, bh_walls_and_bars
D:2:      layout_rooms, basic_altar, ebering_ecumenical_altar_petrified,
          kennysheep_generic_room_2
D:3:      layout_loops_ring, nicolae_ru_the_path_less_chosen,
          jmf_multi_god_temple, kennysheep_slug_shrine, uniq_sigmund,
          uniq_grinder
D:4:      layout_basic, fedhas_altar_2, uniq_duvessa

Skill      XL: |  1  2  3  4  5  6  7 |
---------------+----------------------+-----
Axes           | 3 |  3.8
Maces & Flails | 1 3 |  3.9
Armour         | 4 |  4.7
Fighting       | 4 |  4.1
Throwing       | 1 |  1.0
Shields        | 4 |  4.0
Dodging        | |  0.6
Stealth        | |  0.7

Action                   |  1- 3 |  4- 6 |  7- 9 || total
-------------------------+-------+-------+-------++-------
Melee: War axe           |    92 |     6 |       ||    98
       Whip              |       |    93 |    47 ||   140
Throw: Dart              |       |     5 |       ||     5
  Use: Scroll            |       |     6 |     1 ||     7
       Potion            |       |     3 |     2 ||     5
Armor: Plate armour      |    63 |    66 |    22 ||   151
Dodge: Dodged            |    16 |    20 |    20 ||    56
Block: Buckler           |    17 |    20 |    16 ||    53
